 Dungeon Crawl Stone Soup version 0.30-a0-824-g6c64550be9 (webtiles) character file.

Game seed: 13087467377927081106

1575 Nacht the Covert (level 8, 0/60 (62) HPs)
             Began as a Naga Necromancer on Feb 27, 2023.
             Slain by a white imp (3 damage)
             ... on level 7 of the Dungeon.
             The game lasted 00:14:54 (7868 turns).

Nacht the Covert (Naga Necromancer)                 Turns: 7868, Time: 00:14:55

HP:   0/60 (62)     AC:  4    Str: 10    XL:     8   Next: 91%
MP:   5/11          EV: 10    Int: 17    God:
Gold: 576           SH:  0    Dex: 13    Spells: 1/11 levels left

rFire   . . .      SeeInvis +    d - +2 dagger (drain)
rCold   . . .      Faith    .    (no shield)
rNeg    . . .      Spirit   .    a - +0 robe
rPois   +          Reflect  .    v - +0 helmet
rElec   .          Harm     +    h - scarf {harm}
rCorr   .          Rampage  .    (no gloves)
Will    +....                    (no barding)
Stlth   ++++                     (no amulet)
HPRegen 0.30/turn                (no ring)
MPRegen 0.12/turn                (no ring)

@: lightly drained, very slow
A: AC +2, large, see invisible, deformed body, poison resistance, slowness 2,
spit poison 1, naga tail 1
a: Spit Poison


You were on level 7 of the Dungeon.
You visited 2 branches of the dungeon, and saw 9 of its levels.

You collected 576 gold pieces.

Inventory:

Hand Weapons
 d - a +2 dagger of draining (weapon)
Missiles
 o - 11 poisoned darts
 p - 2 throwing nets (quivered)
Armour
 a - a +0 robe (worn)
 h - a scarf of harm (worn)
 v - a +0 helmet (worn)
Jewellery
 i - a ring of fire
Scrolls
 c - 3 scrolls of teleportation {unknown}
 f - 2 scrolls of silence {unknown}
 g - a scroll of amnesia {unknown}
 k - 3 scrolls of immolation
 n - 2 scrolls of vulnerability {unknown}
 r - 2 scrolls of fog {unknown}
 s - 2 scrolls of poison
 t - 2 scrolls of brand weapon {unknown}
 u - 3 scrolls of magic mapping
 w - a scroll of identify
 y - a scroll of blinking {unknown}
 z - a scroll of enchant armour {unknown}
Potions
 b - 2 potions of magic
 e - a potion of lignification
 j - a potion of berserk rage
 l - 3 potions of haste
 m - a potion of curing {unknown}
 q - 2 potions of invisibility
 x - 2 potions of mutation {unknown}
 A - a potion of might {unknown}


   Skills:
 - Level 1.5 Dodging
 + Level 10.1 Stealth
 - Level 2.0 Spellcasting
 * Level 9.8 Necromancy


You had one spell level left.
You knew the following spells:

 Your Spells              Type           Power      Damage    Failure   Level
a - Necrotise             Necr           100%       1d9       1%          1
b - Vampiric Draining     Necr           35%        2d8       1%          3
c - Animate Dead          Necr           35%        N/A       3%          4
t - Sublimation of Blood  Necr           35%        N/A       1%          2

Your spell library contained the following spells:

 Spells                   Type           Power      Damage    Failure   Level
 Agony                    Necr           35%        N/A       10%         5
 Static Discharge         Conj/Air       2%         2-3/arc   28%         2
 Wereblood                Tmut           1%         N/A       28%         2
 Hailstorm                Conj/Ice       1%         3d3       50%         3
 Vhi's Electric Charge    Tloc/Air       2%         N/A       50%         3
 Ice Form                 Ice/Tmut       1%         N/A       88%         4
 Simulacrum               Ice/Necr       9%         N/A       98%         6
 Arcjolt                  Conj/Air       0%         1d10      99%         5
 Lightning Bolt           Conj/Air       0%         1d11      99%         5
 Summon Hydra             Summ           0%         N/A       100%        7


Dungeon Overview and Level Annotations

Branches:
Dungeon (8/15)             Temple (1/1) D:4
   Lair: D:8-11

Altars:
Cheibriados
Dithmenos
Gozag
Hepliaklqana
Makhleb
Nemelex Xobeh
Okawaru
Qazlal
Ru
Sif Muna
Uskayaw
Wu Jian
Xom
Zin
The Shining One

Annotations:
D:3 Grinder


Innate Abilities, Weirdness & Mutations

Your serpentine skin is tough. (AC +2)
You have supernaturally acute eyesight. (SInv)
Armour fits poorly on your strangely shaped body.
Your system is resistant to poisons. (rPois)
You cover ground very slowly.
You can spit poison.
You have a snake-like lower body.


Message History

The white imp hits you but does no damage.
You hit the white imp.
The white imp is almost dead.
Your orc wizard zombie hits the white imp but does no damage.
The jelly hits your orc wizard zombie.
Your orc wizard zombie is splashed with acid.
The acid corrodes your orc wizard zombie!
The sky beast flickers out of sight for a moment.
The sky beast hits you. The sky beast shocks you.
The white imp hits you but does no damage.
Casting: Necrotise (safe; 1% risk of failure)
Confirm with . or Enter, or press ? or * to list all spells.
Aiming: Vampiric Draining (safe; 1% risk of failure)
Press: ? - help, Shift-Dir - straight line, f - sky beast
Aim: a sky beast (slightly transparent)
You draw life force from the sky beast.
You feel life coursing into your body.
Your orc wizard zombie barely misses the white imp.
The jelly barely misses your orc wizard zombie.
The sky beast hits you. The sky beast shocks you.
* * * LOW HITPOINT WARNING * * *
The white imp hits you.
* * * LOW HITPOINT WARNING * * *
The white imp freezes you.
* * * LOW HITPOINT WARNING * * *
Casting: Vampiric Draining (safe; 1% risk of failure)
Confirm with . or Enter, or press ? or * to list all spells.
Aiming: Vampiric Draining (safe; 1% risk of failure)
Press: ? - help, Shift-Dir - straight line, f/p - sky beast
Aim: a sky beast (lightly wounded, slightly transparent)
You draw life force from the sky beast!
You feel life coursing into your body. The jelly hits your orc wizard zombie.
Your orc wizard zombie is splashed with acid.
Your orc wizard zombie seems to be corroded for longer.
The sky beast hits you.
* * * LOW HITPOINT WARNING * * *
The sky beast shocks you.
* * * LOW HITPOINT WARNING * * *
The white imp grins evilly.
The white imp hits you.
You die...

### ######### #..
........# #.. .$......#
#.. ........############
#..
.......>'..........###..
........#...............
#######.##########.###..
#@######## #.# ###
#Y5....... #.#####
#.Z....... #.##...
#..J...... #.##.##
#$.....[.. #......
#....(...^ ####.##
#......... #.#
#......... #.#
........)# #.#


You could see a sky beast (invisible), a jelly, a white imp (ally target) and a
friendly orc wizard zombie (corroded).

Vanquished Creatures
  A wraith (D:7)
  2 water moccasins
  A black bear (D:6)
  2 centaurs (D:7)
  A bullfrog (D:7)
  A scorpion (D:6)
  A howler monkey (D:6)
  2 jellies
  5 orc priests
  A gnoll bouda (D:5)
  2 hounds (D:6)
  5 iguanas
  3 orc wizards
  4 gnolls
  10 adders
  2 white imps (D:6)
  An ufetubus (D:4)
  A worm (D:3)
  4 dart slugs
  20 orcs
  3 bats
  7 endoplasms
  3 giant cockroaches
  8 goblins
  5 hobgoblins
  A jackal (D:2)
  5 kobolds
  4 quokkas
  6 ball pythons
  4 frilled lizards
  4 rats
119 creatures vanquished.

Vanquished Creatures (collateral kills)
  An orc wizard (D:6)
  A shadow imp (D:6)
  An ufetubus (D:6)
  3 orcs (D:6)
  A hobgoblin (D:1)
  A ball python (D:2)
8 creatures vanquished.

Vanquished Creatures (others)
  A centaur zombie (D:7)
  A black bear zombie (D:6)
  A hound zombie (D:6)
  An adder zombie (D:6)
  5 orc zombies (D:6)
  A plant (D:4)
10 creatures vanquished.

Grand Total: 137 creatures vanquished

Notes
Turn   | Place    | Note
-------+----------+-------------------------------------------
     0 | D:1      | Nacht the Naga Necromancer began the quest for the Orb.
     0 | D:1      | Reached XP level 1. HP: 15/15 MP: 3/3
   199 | D:1      | Reached XP level 2. HP: 22/22 MP: 0/5
   691 | D:1      | Reached XP level 3. HP: 28/28 MP: 3/6
  1134 | D:2      | Reached skill level 4 in Stealth
  1278 | D:2      | Learned a level 3 spell: Vampiric Draining
  1879 | D:3      | Reached skill level 5 in Necromancy
  1884 | D:3      | Found a snail-covered altar of Cheibriados.
  1894 | D:3      | Reached XP level 4. HP: 29/36 MP: 1/7
  2255 | D:3      | Noticed Grinder
  2257 | D:3      | Paralysed by Grinder for 3 turns
  2278 | D:3      | Paralysed by Grinder for 2 turns
  2424 | D:4      | Reached skill level 5 in Stealth
  2424 | D:4      | Reached XP level 5. HP: 28/42 MP: 1/8
  3034 | D:4      | Noticed a phantom
  3064 | D:5      | Entered Level 5 of the Dungeon
  3204 | D:4      | Found a staircase to the Ecumenical Temple.
  3215 | Temple   | Entered the Ecumenical Temple
  3780 | D:3      | Found an iron altar of Okawaru.
  3987 | D:5      | Reached XP level 6. HP: 41/49 MP: 4/9
  4100 | D:5      | Reached skill level 6 in Stealth
  4483 | D:5      | Found a sacrificial altar of Ru.
  5023 | D:5      | Reached XP level 7. HP: 55/55 MP: 4/10
  5106 | D:5      | Reached skill level 7 in Stealth
  5111 | D:5      | Learned a level 4 spell: Animate Dead
  5135 | D:5      | Found a glowing silver altar of Zin.
  5427 | D:6      | Found a hide-covered altar of Uskayaw.
  5592 | D:6      | Found a sand-covered staircase.
  5909 | D:6      | Reached skill level 8 in Stealth
  6222 | D:6      | Reached XP level 8. HP: 62/62 MP: 6/11
  6231 | D:6      | Learned a level 2 spell: Sublimation of Blood
  6980 | D:7      | Reached skill level 9 in Stealth
  7080 | D:7      | Found a shimmering blue altar of Sif Muna.
  7112 | D:7      | Noticed a wraith
  7114 | D:7      | Killed a wraith
  7711 | D:7      | Reached skill level 10 in Stealth
  7868 | D:7      | HP: 3/60 [sky beast (6)]
  7868 | D:7      | Slain by a white imp

Illustrated notes

Levels and vault maps discovered:
D:1:      amcnicky_arrival_double_pillar, layout_loops_ring
D:2:      layout_loops_ring, kennysheep_generic_room_2
D:3:      layout_loops_ring, lemuel_round_altar, slow_altar_1,
          uniq_crazy_yiuf_cottage, uniq_grinder, uniq_ijyb
D:4:      layout_loops_corners, temple_fountains, kennysheep_nondescript,
          hangedman_abyss_or_decor_jellyfish_corner, serial_bayou_crossing
D:5:      layout_cave_pools, nicolae_ru_the_path_less_chosen,
          kennysheep_little_box, serial_rivers, chequers_serial_rivers_large_a,
          chequers_serial_rivers_room_a, chequers_serial_rivers_small_b,
          chequers_serial_rivers_micro_d, kennysheep_generic_room_14
D:6:      layout_loops_ring, amcnicky_altar_gilded,
          nicolae_ossuary_entry_monument, minmay_quadrilaterals
D:7:      layout_basic, mainiacjoe_overflow_cross_hatched, enter_bailey_5,
          chequers_serial_rivers_micro_b, minmay_misc_feat_five
D:8:      layout_basic, vehumet_altar_wand_db, fedhas_altar_1,
          lemuel_zombie_altar_kikubaaqudgha, erik_lair_orcish_takeover,
          uniq_pikel
Temple:   nicolae_temple_ecumenical_triangle

Skill      XL: |  1  2  3  4  5  6  7  8 |
---------------+-------------------------+-----
Stealth        | 4 5 6 8 10 | 10.1
Necromancy     | 5 6 7 8 9 |  9.8
Dodging        | |  1.5
Spellcasting   | |  2.0

Action                     |  1- 3 |  4- 6 |  7- 9 || total
---------------------------+-------+-------+-------++-------
  Melee: Dagger            |    16 |    62 |    98 ||   176
         Punch             |       |       |     3 ||     3
  Throw: Dart              |       |    10 |       ||    10
         Throwing net      |       |     1 |       ||     1
   Cast: Necrotise         |    59 |    64 |    13 ||   136
         Vampiric Draining |       |    17 |    27 ||    44
         Animate Dead      |       |       |    10 ||    10
    Use: Scroll            |       |     6 |     5 ||    11
         Potion            |       |     1 |       ||     1
   Stab: Sleeping          |     1 |     4 |     6 ||    11
 Armour: Robe              |     9 |    20 |    44 ||    73
  Dodge: Dodged            |    25 |    61 |    82 ||   168

Table legend: (Time is in decaauts)
 A = Elapsed time spent in this place.
 B = Non-inter-level travel time spent in this place.
 C = Inter-level travel time spent in this place.
 D = Time resting spent in this place.
 E = Time spent auto-exploring this place.
 F = Levels seen in this place.
 G = Mean time per level.
                   A        B        C        D        E       F      G
               +--------+--------+--------+--------+--------+-----+--------+
         Total |   9545 |   9104 |    441 |      0 |   7702 |   9 | 1060.6 |
       Dungeon |   9481 |   9050 |    431 |      0 |   7658 |   8 | 1185.1 |
        Temple |     63 |     54 |      9 |      0 |     43 |   1 |   63.0 |
               +--------+--------+--------+--------+--------+-----+--------+

Top non-repeatable levels by time:
     D:4: 1906 daAuts
     D:6: 1832 daAuts
     D:5: 1442 daAuts
     D:1: 1371 daAuts
     D:2: 987 daAuts
     D:7: 971 daAuts
     D:3: 861 daAuts
     D:8: 109 daAuts
  Temple: 63 daAuts
